 Dungeon Crawl Stone Soup version 0.27.1-33-g824d729ab1 (webtiles) character file.

Game seed: 4998102117209278944

86 Cykl0x the Shield-Bearer (level 4, -1/28 HPs)
             Began as a Gargoyle Fighter on Dec 16, 2021.
             Slain by an ogre (12 damage)
             ... on level 3 of the Dungeon.
             The game lasted 00:03:53 (1908 turns).

Cykl0x the Shield-Bearer (Gargoyle Fighter)         Turns: 1908, Time: 00:03:54

Health: -1/28      AC: 16    Str: 21    XL:     4   Next: 50%
Magic:  5/5        EV:  8    Int:  8    God:
Gold:   1054       SH:  9    Dex:  9    Spells: 5/5 levels left

rFire    . . .     SeeInvis .   a - +0 long sword
rCold    . . .     Faith    .   c - +0 kite shield
rNeg     + . .     Spirit   .   k - +3 ring mail {Will+}
rPois    ∞         Reflect  .   (no helmet)
rElec    +         Harm     .   (no cloak)
rCorr    .         Rampage  .   (no gloves)
Will     +....                  (no boots)
Stlth    ..........             (no amulet)
HPRegen  0.09/turn              i - +4 ring of protection
MPRegen  0.09/turn              (no ring)

@: no status effects
A: sickness immunity, AC +3, negative energy resistance 1, electricity
resistance, torment resistance 1, petrification resistance
a: no special abilities


You were on level 3 of the Dungeon.
You visited 1 branch of the dungeon, and saw 3 of its levels.

You collected 1054 gold pieces.

Inventory:

Hand Weapons
 a - a +0 long sword (weapon)
Missiles
 f - 47 stones (quivered)
Armour
 b - a +0 scale mail
 c - a +0 kite shield (worn)
 k - a +3 ring mail of willpower (worn)
Jewellery
 i - a +4 ring of protection (left hand)
Scrolls
 e - a scroll of amnesia
 j - 2 scrolls of identify {unknown}
 l - a scroll of enchant armour {unknown}
 m - a scroll of magic mapping {unknown}
Potions
 d - a potion of might
 g - 2 potions of invisibility {unknown}
 h - 4 potions of curing {unknown}


   Skills:
 + Level 3.5 Fighting
 + Level 2.5 Long Blades
 + Level 0.4 Throwing
 + Level 3.6 Armour
 * Level 1.0 Dodging
 + Level 3.7 Shields
 * Level 1.3 Spellcasting


You had 5 spell levels left.
You didn't know any spells.
Your spell library was empty.

Dungeon Overview and Level Annotations

Branches:
Dungeon (3/15)

Altars:

Shops:
D:2 :


Innate Abilities, Weirdness & Mutations

You are immune to sickness and miasma.
Your stone body is resilient. (AC +3)
You are immune to poison.
You resist negative energy. (rN+)
You are resistant to electric shocks. (rElec)
You are resistant to unholy torment.
You are immune to petrification.


Message History

No target in view!
No target in view!
No target in view!
No target in view!
You see here a dart slug corpse.
f - 48 stones (gained 1)
f - 50 stones (gained 2)
An ogre comes into view. It is wielding a +0 giant club.
The ogre shouts!
You throw a stone. The stone barely misses the ogre.
You throw a stone.
The stone hits the ogre but does no damage.
You throw a stone. The stone hits the ogre.
The ogre is lightly wounded.
You hit the ogre.
The ogre is lightly wounded.
You block the ogre's attack. The ogre hits you with a +0 giant club!
Ouch! That really hurt!
You are too injured to fight recklessly!
You are too injured to fight recklessly!
You are too injured to fight recklessly!
You are too injured to fight recklessly!
You are too injured to fight recklessly!
You are too injured to fight recklessly!
You are too injured to fight recklessly!
You are too injured to fight recklessly!
You are too injured to fight recklessly!
You are too injured to fight recklessly!
You are too injured to fight recklessly!
You are too injured to fight recklessly!
You are too injured to fight recklessly!
You are too injured to fight recklessly!
You hit the ogre.
The ogre is moderately wounded.
The ogre barely misses you.
You riposte.
You hit the ogre.
The ogre is heavily wounded.
You hit the ogre.
The ogre is heavily wounded.
The ogre hits you with a +0 giant club!
You die...

#..................#
#..................#
#...#.#............# #######
#...#.#..####...†..##.......
#...#....#........†...#
#...#...##.....##...#.....#
#.............###.#.....
..####...## .# ####
..#..(.@>+ .# #....O.# ##
#...##.# #... #.( #... ..(.
.... ..... ##... ..(.. #..
..#.#.


You could see an ogre.

Vanquished Creatures
  Terence (D:2)
  2 adders (D:2)
  A dart slug (D:3)
  A ball python (D:2)
  3 bats
  7 endoplasms
  A giant cockroach (D:3)
  4 goblins
  3 hobgoblins
  A jackal (D:3)
  2 kobolds
  2 quokkas (D:2)
  5 frilled lizards
  6 rats
39 creatures vanquished.

Notes
Turn   | Place    | Note
-------+----------+-------------------------------------------
     0 | D:1      | Cykl0x the Gargoyle Fighter began the quest for the Orb.
     0 | D:1      | Reached XP level 1. HP: 14/14 MP: 1/1
   272 | D:1      | Reached XP level 2. HP: 8/19 MP: 2/2
   907 | D:2      | Found Vamel's Book Shoppe.
   951 | D:2      | Reached XP level 3. HP: 16/23 MP: 4/4
  1097 | D:2      | Reached skill level 1 in Spellcasting
  1182 | D:2      | Identified a scroll of acquirement
  1182 | D:2      | Acquired 955 gold pieces
  1262 | D:2      | Noticed Terence
  1280 | D:2      | Killed Terence
  1281 | D:2      | Reached XP level 4. HP: 25/28 MP: 5/5
  1356 | D:2      | Reached skill level 1 in Dodging
  1901 | D:3      | Noticed an ogre
  1908 | D:3      | Slain by an ogre

Illustrated notes

Levels and vault maps discovered:
D:1:      dpeg_arrival_water_temple_mockup, layout_rooms, minmay_misc_feat_chi
D:2:      layout_loops_cross, serial_shops, shop, small_statue_intersection,
          nrook_mini_backslash, uniq_terence
D:3:      minmay_evil_eye, layout_basic, uniq_sigmund, uniq_jessica,
          uniq_natasha

Skill      XL: |  1  2  3  4 |
---------------+-------------+-----
Long Blades    | 2 |  2.5
Spellcasting   | 1 |  1.3
Dodging        | 1 |  1.0
Fighting       | |  3.5
Throwing       | |  0.4
Armour         | |  3.6
Shields        | |  3.7

Action                   |  1- 3 |  4- 6 || total
-------------------------+-------+-------++-------
Melee: Long sword        |    85 |    34 ||   119
Throw: Stone             |    41 |    17 ||    58
  Use: Scroll            |     2 |       ||     2
Armor: Scale mail        |    45 |     1 ||    46
       Ring mail         |       |    17 ||    17
Dodge: Dodged            |    26 |     8 ||    34
Block: Kite shield       |    48 |    15 ||    63
       Rpst.: Long sword |    11 |     2 ||    13
